AoeStats
← miherest

Arabia

509409300Analyzed
1v1 RM · 6d ago on Sep 26, 2026· 59m 4s· 2 players
Game mode
Random Map
Map size
Tiny (2 player)
Population
200
Speed
Normal
Resources
Standard
Victory
Conquest
Starting age
Dark Age
Ending age
Imperial Age
RankedLock teamsTeams togetherTeam positionsShared explorationLock speedFull tech treeHidden civsTurbo modeCheats
Victory
Defeat
🇪🇸 Spanish · Spain
935
+17
🇦🇷 Chinese · Argentina
959
-17
miherest
5:34 Loom
10:23 Feudal Age
11:03 Horse Collar
21:12 Castle Age
20:39 Stone Mining
20:37 Double-Bit Axe
23:32 Fletching
24:21 Bodkin Arrow
28:06 Bloodlines
27:18 Light Cavalry
29:57 Town Watch
34:30 Imperial Age
32:12 Padded Archer Armor
34:23 Wheelbarrow
34:14 Ballistics
34:04 Masonry
34:13 Husbandry
34:32 Leather Archer Armor
36:20 Chemistry
38:50 Heavy Plow
38:19 Elite Conquistador
39:48 Bracer
43:22 Ring Archer Armor
43:02 Forging
42:58 Scale Barding Armor
43:04 Cavalier
44:55 Paladin
46:17 Conscription
46:36 Iron Casting
46:22 Chain Barding Armor
48:11 Gold Mining
49:35 Blast Furnace
49:11 Plate Barding Armor
54:43 Hussar
elreydelage
4:48 Loom
10:18 Feudal Age
11:52 Double-Bit Axe
22:14 Castle Age
20:09 Horse Collar
21:11 Gold Mining
22:30 Forging
22:20 Scale Mail Armor
23:00 Squires
23:25 Bow Saw
24:20 Iron Casting
25:42 Chain Mail Armor
25:17 Arson
25:47 Heavy Plow
27:25 Fletching
27:36 Padded Archer Armor
27:28 Elite Skirmisher
29:34 Wheelbarrow
28:46 Town Watch
29:33 Bodkin Arrow
29:53 Leather Archer Armor
31:02 Gold Shaft Mining
32:20 Ballistics
32:19 Thumb Ring
36:03 Stone Mining
40:50 Imperial Age
39:44 Stone Shaft Mining
39:52 Scale Barding Armor
40:41 Bloodlines
40:31 Husbandry
44:45 Two-Man Saw
44:20 Light Cavalry
45:01 Husbandry
46:51 Town Patrol
47:08 Hand Cart
49:41 Blast Furnace
49:45 Chemistry
49:10 Elite Fire Lancer
50:23 Plate Mail Armor
49:56 Bracer
50:26 Ring Archer Armor
58:01 Chain Barding Armor
59:22 Conscription
Connection lost

Rejoining the realm…

Still unreachable

The connection could not be restored.

Session expired

The server has moved on; the page needs a fresh start.